 Dungeon Crawl Stone Soup version 0.31-a0-543-geaa9c7a2c0 (webtiles) character file.

Game seed: 5312637658235763740

12306 JackS81 the Fencer (level 11, -2/85 HPs)
             Began as a Merfolk Shapeshifter on Aug 15, 2023.
             Was an Initiate of Gozag.
             Engulfed by a bog body's freezing vapour (11 damage)
             ... on level 2 of the Lair of Beasts.
             The game lasted 00:33:01 (10837 turns).

JackS81 the Fencer (Merfolk Shapeshifter)          Turns: 10837, Time: 00:33:02

Health: -2/85      AC:  3    Str: 22    XL:     11   Next: 91%
Magic:  11/11      EV: 37    Int: 10    God:    Gozag
Gold:   1890       SH:  0    Dex: 16    Spells: 10/10 levels left

rFire   + . .        t - +7 Throatcutter {drain, coup de grace}
rCold   . . .        (no shield)
rNeg    . . .        s - +1 robe {rF+}
rPois   .            b - melded +2 helmet of Conscience {Dex+4}
rElec   .            g - melded +1 cloak
rCorr   .            K - melded +1 pair of gloves
SInv    .            (boots currently unavailable)
Will    .....        h - amulet of the acrobat
Stlth   ++           e - +6 ring of strength
HPRegen 0.34/turn    L - +4 ring of slaying
MPRegen 0.12/turn

%: acrobat
@: beast-form, acrobatic, very quick
A: beast (slay +4), nimble swimmer 2, mertail
a: Begin Untransformation, Renounce Religion, Potion Petition, Call Merchant,
Bribe Branch


You were on level 2 of the Lair of Beasts.
You worshipped Gozag.
Gozag was most pleased with you.
You were a hulking beast.
You visited 2 branches of the dungeon, and saw 12 of its levels.

You collected 1929 gold pieces.
You paid 39 gold pieces to Gozag.

Inventory:

Hand Weapons
 r - a +4 scythe of protection
 t - the +7 Throatcutter (weapon) {drain, coup de grace}
   (You found it on level 2 of the Dungeon)
Missiles
 v - 37 poisoned darts
 M - 4 curare-tipped darts (quivered)
Armour
 b - the +2 helmet of Conscience (melded) {Dex+4}
   (You took it off Robin on level 2 of the Dungeon)

   Dex+4:     It affects your dexterity (+4).
 g - a +1 cloak (melded)
 s - a +1 robe of fire resistance (worn)
 C - a +1 hat of see invisible
 K - a +1 pair of gloves (melded)
Jewellery
 e - a +6 ring of strength (left hand)
 f - the amulet "Ikkuirchepu" {Faith rElec Int+3}
   (You found it on level 1 of the Lair of Beasts)

   [amulet of faith]

   Faith:     It allows you to gain divine favour quickly.
   Int+3:     It affects your intelligence (+3).
   rElec:     It insulates you from electricity.
 h - an amulet of the acrobat (around neck)
 i - the amulet of the Death Scarab {RegenMP rC+ Str+2}
   (You found it on level 2 of the Lair of Beasts)

   [amulet of magic regeneration]

   RegenMP:   It increases your rate of magic regeneration.
   Str+2:     It affects your strength (+2).
   rC+:       It protects you from cold.
 m - a ring of wizardry
 y - a ring of magical power
 J - a +6 ring of intelligence
 L - a +4 ring of slaying (right hand)
Talismans
 c - a beast talisman (active)
 d - a flux talisman
Wands
 q - a wand of polymorph (17)
 w - a wand of roots (14)
 D - a wand of flame (30)
 E - a wand of digging (4)
Scrolls
 a - a scroll of identify
 j - 2 scrolls of fog
 o - a scroll of torment {unknown}
 p - 3 scrolls of teleportation
 u - a scroll of enchant weapon {unknown}
 z - 2 scrolls of amnesia {unknown}
 A - 3 scrolls of blinking
 B - 2 scrolls of immolation {unknown}
 F - a scroll of acquirement {unknown}
 H - 2 scrolls of poison {unknown}
 N - a scroll of enchant armour {unknown}
 R - a scroll of noise {unknown}
Potions
 k - 3 potions of ambrosia
 l - 3 potions of curing
 n - a potion of attraction
 x - 2 potions of might
 G - a potion of brilliance
 I - a potion of haste
 O - a potion of invisibility
 P - 2 potions of mutation


   Skills:
 * Level 7.7 Fighting
 * Level 15.1 Long Blades
 - Level 0.8 Maces & Flails
 * Level 10.1 Dodging
 - Level 5.3 Unarmed Combat
 * Level 9.7 Shapeshifting


You had 10 spell levels left.
You didn't know any spells.
Your spell library contained the following spells:

 Spells                   Type           Power      Damage    Failure   Level
 Slow                     Hex            0%         N/A       36%         1
 Confusing Touch          Hex            0%         N/A       75%         3
 Vampiric Draining        Necr           0%         2d6       75%         3
 Anguish                  Hex/Necr       0%         N/A       98%         4
 Cause Fear               Hex            0%         N/A       98%         4
 Enfeeble                 Hex            0%         N/A       100%        7


Dungeon Overview and Level Annotations

Branches:
Dungeon (10/15)            Temple (0/1) D:7            Lair (1/5) D:8
 Spider (0/4) Lair:2          Orc (0/2) D:10

Altars:
Ashenzari
Dithmenos
Elyvilon
Fedhas
Gozag
Hepliaklqana
Kikubaaqudgha
Makhleb
Nemelex Xobeh
Okawaru
Qazlal
Ru
Sif Muna
Trog
Uskayaw
Vehumet
Wu Jian
Xom
Yredelemnul
Zin
The Shining One

Shops:
D:8 [*[

Annotations:
D:10 3 runed translucent doors, wajtan's ghost, novice TrFi


Innate Abilities, Weirdness & Mutations

You are a hulking beast.
Your limbs bulge with bestial killing power. (Slay +4)
You are very nimble when in or above water. (Stealth+, EV+, Speed+++)
Your lower body shifts to a powerful aquatic tail in water.


Message History

You feel very sick. The cane toad stings you!!
* * * LOW HITPOINT WARNING * * *
You are lethally poisoned!
The cane toad poisons you!
You feel better. The cane toad misses you.
You barely miss the cane toad.
The cane toad is heavily wounded.
The cane toad stings you!
* * * LOW HITPOINT WARNING * * *
The cane toad attacks as you move away! The cane toad closely misses you.
The cane toad attacks as you move away! The cane toad misses you.
The cane toad attacks as you move away! The cane toad completely misses you.
Your legs become a tail as you enter the water.
You slash the cane toad! You drain the cane toad.
You kill the cane toad!
You now have 1890 gold pieces (gained 6).
You start resting.
HP restored.
A bog body comes into view.
Your legs become a tail as you enter the water.
The bog body casts a spell at you. The bolt of cold misses you.
Unknown command.
You slice the bog body!!
Your tail-slap misses the bog body.
The bog body is heavily damaged.
The bog body touches you. The bog body freezes you!
You barely miss the bog body.
The bog body is heavily damaged.
The bog body touches you!! The bog body freezes you!
The bog body casts a spell at you. The bolt of cold misses you.
You hit the bog body.
The bog body is heavily damaged.
The bog body points at you and mumbles some strange words.
The bolt of cold hits you!!
* * * LOW HITPOINT WARNING * * *
You are engulfed in freezing vapours.
You die...
Your body crumbles into a pile of gold.

.#..##..##....P#~..#
.P.........~~~.~~~.#
..........~.~~.~~.~##
..........~~.~.~.~~~#
....#####.~~~...~~~##
..#. ##....>....##
.## #~~~~...~°~~##
##~~.~.°.°~..#
#~.~~.°h.~.##
#.~~~.°°~...#
###...n....##
#.##..#### ####..#
#..## ###..P#
##....P# #.....##


You could see a bog body.

Vanquished Creatures
  A catoblepas (Lair:2)
  A two-headed ogre (D:8)
  Nergalle (Lair:2)
  4 elephants (Lair:2)
  A black mamba (D:8)
  2 cane toads
  A rime drake (Lair:1)
  A hornet (D:8)
  A polar bear (Lair:1)
  A troll (D:10)
  4 blink frogs (Lair:1)
  2 jumping spiders (Lair:2)
  Sigmund (D:2)
  A shadow (D:10)
  9 yaks
  3 wyverns
  A redback (Lair:2)
  A basilisk (Lair:2)
  A steam dragon (D:7)
  A warg (D:6)
  An acid dragon (D:9)
  3 water moccasins
  5 sky beasts
  An ice beast (D:5)
  2 orc warriors
  3 black bears
  2 centaurs
  6 kobold brigands
  4 bullfrogs
  A scorpion (D:6)
  4 wights (D:9)
  4 killer bees
  4 howler monkeys
  7 hounds
  5 orc priests
  A jelly (D:6)
  2 sleepcaps
  5 iguanas
  5 orc wizards
  Robin (D:2)
  7 adders
  A shadow imp (D:6)
  2 white imps
  2 ufetubi (D:5)
  4 worms
  5 dart slugs
  The ghost of GordonOverkill the Sneak, a weakling VSDe (D:6)
  32 orcs
  6 ball pythons
  6 endoplasms
  4 giant cockroaches
  14 goblins
  9 hobgoblins
  4 quokkas
  4 bats
  4 frilled lizards
  31 kobolds
  2 rats
242 creatures vanquished.

Notes
Turn   | Place    | Note
-------+----------+-------------------------------------------
     0 | D:1      | JackS81 the Merfolk Shapeshifter began the quest for the
                  | Orb.
     0 | D:1      | Reached XP level 1. HP: 15/15 MP: 1/1
   169 | D:1      | Reached XP level 2. HP: 17/21 MP: 2/2
   707 | D:2      | Reached skill level 5 in Shapeshifting
   707 | D:2      | Reached XP level 3. HP: 10/26 MP: 3/3
   760 | D:2      | Identified the +2 helmet of Conscience {Dex+4}
   760 | D:2      | Noticed Robin
   785 | D:2      | Killed Robin
   786 | D:2      | Reached XP level 4. HP: 32/32 MP: 4/4
   822 | D:2      | Found a faded altar of an unknown god.
  1138 | D:2      | Found the +7 Throatcutter {drain, coup de grace}
  1145 | D:2      | Noticed Sigmund
  1157 | D:2      | Killed Sigmund
  1158 | D:2      | Reached XP level 5. HP: 35/37 MP: 5/5
  1158 | D:2      | Reached XP level 6. HP: 41/43 MP: 6/6
  1400 | D:3      | Reached skill level 5 in Unarmed Combat
  1647 | D:3      | Found a shimmering blue altar of Sif Muna.
  1901 | D:3      | Found a radiant altar of Vehumet.
  1905 | D:3      | Found an iron altar of Okawaru.
  1907 | D:3      | Found a burning altar of Makhleb.
  1986 | D:3      | Found a glowing drain.
  2246 | D:4      | Found a basalt altar of Yredelemnul.
  2309 | D:4      | Found an opulent altar of Gozag.
  2317 | D:4      | Became a worshipper of Gozag Ym Sagoz the Greedy
  2421 | D:4      | Found a stormy altar of Qazlal.
  2930 | D:5      | Entered Level 5 of the Dungeon
  3007 | D:5      | Reached skill level 1 in Long Blades
  3087 | D:5      | Found an ancient bone altar of Kikubaaqudgha.
  3120 | D:5      | Noticed an ice beast
  3133 | D:5      | Reached XP level 7. HP: 46/48 MP: 7/7
  3137 | D:5      | Reached skill level 2 in Long Blades
  3156 | D:5      | Reached skill level 3 in Long Blades
  3239 | D:5      | Reached skill level 4 in Long Blades
  3697 | D:5      | Found a glowing golden altar of the Shining One.
  3697 | D:5      | Found a white marble altar of Elyvilon.
  3698 | D:5      | Found a glowing silver altar of Zin.
  3910 | D:6      | Reached skill level 5 in Long Blades
  3938 | D:6      | Found an ornate altar of the Wu Jian Council.
  3950 | D:6      | Reached XP level 8. HP: 42/54 MP: 8/8
  3974 | D:6      | Reached skill level 6 in Long Blades
  4115 | D:6      | Reached skill level 5 in Dodging
  4304 | D:6      | Reached skill level 7 in Long Blades
  4522 | D:6      | Found a hide-covered altar of Uskayaw.
  4523 | D:6      | Found a sacrificial altar of Ru.
  4523 | D:6      | Found a blossoming altar of Fedhas.
  4524 | D:6      | Found a shadowy altar of Dithmenos.
  4894 | D:6      | Found a runed translucent gate.
  4896 | D:6      | Found a runed translucent gate.
  4897 | D:6      | Found a runed translucent gate.
  4897 | D:6      | Noticed GordonOverkill's ghost (weakling VSDe)
  4915 | D:6      | Reached skill level 8 in Long Blades
  4917 | D:6      | Killed GordonOverkill's ghost
  4930 | D:6      | Reached XP level 9. HP: 29/59 MP: 9/9
  5242 | D:7      | Found a broken altar of Ashenzari.
  5366 | D:7      | Reached skill level 9 in Long Blades
  5597 | D:7      | Found a bloodstained altar of Trog.
  5623 | D:7      | Found a staircase to the Ecumenical Temple.
  6131 | D:7      | Found a shimmering altar of Xom.
  6304 | D:7      | Reached skill level 10 in Long Blades
  6385 | D:8      | Found Mizxotev's Antique Armour Shop.
  6425 | D:8      | Found a staircase to the Lair.
  6476 | D:8      | Noticed a hornet
  6488 | D:8      | Paralysed by a hornet for 1 turns
  6491 | D:8      | Paralysed by a hornet for 1 turns
  6494 | D:8      | Killed a hornet
  6499 | D:8      | HP: 3/62 [poisoned by a hornet]
  6857 | D:8      | Found Ezxohaz's Assorted Antiques.
  6868 | D:8      | Found Gonlozo's Armour Shoppe.
  6891 | D:8      | Reached skill level 11 in Long Blades
  6901 | D:8      | Reached XP level 10. HP: 63/70 MP: 10/10
  6956 | D:8      | Noticed a two-headed ogre
  6965 | D:8      | Killed a two-headed ogre
  6966 | D:8      | Reached skill level 12 in Long Blades
  8556 | D:9      | Found a hazy altar of Hepliaklqana.
  8590 | D:10     | Entered Level 10 of the Dungeon
  8738 | D:10     | Found a runed translucent gate.
  8738 | D:10     | Found a runed translucent gate.
  8738 | D:10     | Noticed wajtan's ghost (novice TrFi)
  8739 | D:10     | Found a runed translucent gate.
  8739 | D:10     | Noticed a kobold demonologist
  8818 | D:10     | Reached skill level 5 in Fighting
  8865 | D:10     | Found a sparkling altar of Nemelex Xobeh.
  8873 | D:10     | Reached skill level 13 in Long Blades
  9016 | D:10     | Found a staircase to the Orcish Mines.
  9030 | D:10     | Reached XP level 11. HP: 80/80 MP: 11/11
  9768 | Lair:1   | Entered Level 1 of the Lair of Beasts
  9943 | Lair:1   | Reached skill level 14 in Long Blades
 10099 | Lair:1   | Identified the amulet "Ikkuirchepu" {Faith rElec Int+3}
 10203 | Lair:1   | You fall into a shaft and drop 1 floor!
 10234 | Lair:2   | Identified the amulet of the Death Scarab {RegenMP rC+
                  | Str+2}
 10258 | Lair:2   | Noticed a catoblepas
 10283 | Lair:2   | Killed a catoblepas
 10315 | Lair:2   | Noticed Nergalle
 10324 | Lair:2   | Killed Nergalle
 10369 | Lair:2   | Found a hole to the Spider Nest.
 10550 | Lair:2   | Reached skill level 10 in Dodging
 10557 | Lair:2   | Reached skill level 15 in Long Blades
 10812 | Lair:2   | Noticed a bog body
 10837 | Lair:2   | Engulfed by a bog body's freezing vapour

Illustrated notes

Levels and vault maps discovered:
D:1:      dpeg_arrival_ternary, layout_rooms, serial_rivers,
          chequers_serial_rivers_room_b, chequers_serial_rivers_micro_b,
          chequers_serial_rivers_marsh, chequers_serial_rivers_micro_e,
          chequers_serial_rivers_micro_d, chequers_serial_rivers_room_b
D:2:      layout_basic, shapermc_ecumenical_altar_mp_ritualfount, st_stairs_3,
          uniq_sigmund, uniq_robin
D:3:      layout_basic, old_standard_altar, grunt_temple_overflow_diamond,
          cheibrodos_sewer_entry_bend
D:4:      layout_loops_corners, mainiacjoe_overflow_catwalk, lemuel_tele_altar,
          mainiacjoe_overflow_surrounded_room, kennysheep_nondescript
D:5:      layout_gridville, good_gods_temple_1, amcnicky_altar_gilded
D:6:      layout_loops_corners, lemuel_crystal_altar,
          chequers_temple_overflow_statue_of_worship, biasface_ghost_orc_armoury
D:7:      layout_basic, mainiacjoe_overflow_concentric_impassable,
          mainiacjoe_overflow_brackets, lemuel_coloured_pillars_altar,
          temple_green, roderic_lattice_a
D:8:      layout_gridville, lair_entry_dummy, serial_shops,
          nicolae_shop_gibbet_a_chance, nicolae_shop_hallway_stairs,
          nicolae_shop_stone
D:9:      layout_loops_ring, mainiacjoe_overflow_alcove_4
D:10:     layout_loops_ring, nemelex_xobeh_ov_fountains_minmay, david_orc_2,
          gammafunk_ghost_nasty_kobolds
Lair:1:   layout_cave_pods, nicolae_lair_liquid_snakes
Lair:2:   layout_gridlike, skrybe_swamp_entry_bodies, spider_nest_entry_a,
          gammafunk_ghost_hive, lemuel_another_geyser, uniq_amaemon,
          uniq_nergalle

Skill      XL: |  1  2  3  4  5  6  7  8  9 10 11 |
---------------+----------------------------------+-----
Shapeshifting  | 5 6 7 8 9 |  9.7
Unarmed Combat | 4 5 |  5.3
Dodging        | 3 4 6 7 9 10 | 10.1
Long Blades    | 1 5 8 11 13 15 | 15.1
Fighting       | 3 5 7 |  7.7
Maces & Flails | |  0.8

Action                     |  1- 3 |  4- 6 |  7- 9 | 10-12 || total
---------------------------+-------+-------+-------+-------++-------
  Melee: Whip              |    84 |       |       |       ||    84
         Unarmed           |    13 |   119 |       |       ||   132
         Long sword        |       |    31 |   181 |   216 ||   428
         Tailslap          |       |     2 |       |     8 ||    10
         Punch             |       |       |     5 |     5 ||    10
  Throw: Dart              |       |       |       |     3 ||     3
Ability: Begin Untransform |       |     1 |     1 |     2 ||     4
  Evoke: Wand              |       |       |     1 |       ||     1
    Use: Potion            |     2 |     1 |     4 |     1 ||     8
         Scroll            |       |       |       |     9 ||     9
   Stab: Sleeping          |     3 |       |     1 |     1 ||     5
         Distracted        |       |       |     1 |     3 ||     4
 Armour: Animal skin       |    13 |       |       |       ||    13
         Skin              |    21 |       |    54 |       ||    75
         Ring mail         |       |    43 |    10 |       ||    53
         Robe              |       |       |    10 |    12 ||    22
  Dodge: Dodged            |    72 |    91 |   122 |   150 ||   435
   Form: Flux              |       |     1 |       |       ||     1
         Beast             |       |     1 |     1 |     2 ||     4

Table legend: (Time is in decaauts)
 A = Elapsed time spent in this place.
 B = Non-inter-level travel time spent in this place.
 C = Inter-level travel time spent in this place.
 D = Time resting spent in this place.
 E = Time spent auto-exploring this place.
 F = Levels seen in this place.
 G = Mean time per level.
                   A        B        C        D        E       F      G
               +--------+--------+--------+--------+--------+-----+--------+
         Total |  10755 |  10382 |    373 |    852 |   7191 |  12 |  896.2 |
       Dungeon |   9791 |   9419 |    372 |    533 |   6940 |  10 |  979.1 |
          Lair |    963 |    963 |      0 |    319 |    251 |   2 |  481.5 |
               +--------+--------+--------+--------+--------+-----+--------+

Top non-repeatable levels by time:
     D:6: 1351 daAuts
     D:8: 1315 daAuts
     D:7: 1260 daAuts
    D:10: 1134 daAuts
     D:4: 925 daAuts
     D:9: 924 daAuts
     D:5: 866 daAuts
     D:2: 785 daAuts
     D:3: 654 daAuts
  Lair:2: 600 daAuts
     D:1: 572 daAuts
  Lair:1: 363 daAuts
